 Dungeon Crawl Stone Soup version 0.28.0-45-g0d030f2227 (webtiles) character file.

Game seed: 14981810208023302181

7506 Revguard the Charlatan (level 11, -7/83 HPs)
             Began as a Human Fighter on Apr 11, 2022.
             Was a Believer of Zin.
             Killed from afar by a salamander mystic (25 damage)
             ... with a bolt of magma
             ... on level 10 of the Dungeon.
             The game lasted 00:30:51 (8759 turns).

Revguard the Charlatan (Human Fighter)              Turns: 8759, Time: 00:30:52

Health: -7/83      AC: 11    Str: 19    XL:     11   Next: 38%
Magic:  11/15      EV: 14    Int: 12    God:    Zin [**....]
Gold:   520        SH:  6    Dex: 18    Spells: 10/10 levels left

rFire   + . .      SeeInvis .   q - +6 mace of the Sixty-Six Bounties {protect, rCorr Int+2}
rCold   . . .      Faith    .   c - +0 buckler
rNeg    . . .      Spirit   .   m - +3 ring mail of Entod {rCorr}
rPois   ∞          Reflect  .   (no helmet)
rElec   .          Harm     .   (no cloak)
rCorr   +          Rampage  .   (no gloves)
Will    .....                   (no boots)
Stlth   +.........              k - amulet of regeneration
HPRegen 1.03/turn               f - +4 ring of slaying
MPRegen 0.14/turn               j - ring of protection from fire

@: vitalised, on recite cooldown
A: iridescent scales 1, agile 1, sense surroundings 1
a: Renounce Religion, Recite, Vitalisation, Donate Gold


You were on level 10 of the Dungeon.
You worshipped Zin.
Zin was pleased with you.
You visited 2 branches of the dungeon, and saw 11 of its levels.

You collected 713 gold pieces.
You spent 136 gold pieces at shops.
You donated 57 gold pieces to Zin.

Inventory:

Hand Weapons
 q - the +6 mace of the Sixty-Six Bounties (weapon) {protect, rCorr Int+2}
   (You bought it in a shop on level 6 of the Dungeon)

   It grants its wielder temporary protection when it strikes (+7 to AC).
   Int:       It affects your intelligence (+2).
   rCorr:     It protects you from acid and corrosion.
Armour
 c - a +0 buckler (worn)
 m - the +3 ring mail of Entod (worn) {rCorr}
   (You found it on level 5 of the Dungeon)

   rCorr:     It protects you from acid and corrosion.
Jewellery
 a - a ring of positive energy
 b - a +4 ring of slaying
 e - a +6 ring of intelligence
 f - a +4 ring of slaying (left hand)
 i - a +6 ring of dexterity
 j - a ring of protection from fire (right hand)
 k - an amulet of regeneration (around neck)
 u - a +6 ring of intelligence
Wands
 o - a wand of iceblast (8)
 r - a wand of digging (9)
 w - a wand of paralysis (6)
 x - a wand of acid (3)
Scrolls
 g - 2 scrolls of identify
 h - a scroll of blinking {unknown}
 l - 2 scrolls of enchant weapon
 p - a scroll of enchant armour
 t - a scroll of silence
 v - a scroll of amnesia
Potions
 d - a potion of mutation
 n - a potion of brilliance
 s - 2 potions of might
 z - a potion of curing


   Skills:
 + Level 6.9 Fighting
 + Level 6.7 Maces & Flails
 + Level 6.9 Armour
 + Level 6.1 Dodging
 + Level 7.0 Shields
 * Level 5.7 Invocations
 + Level 7.6 Evocations


You had 10 spell levels left.
You didn't know any spells.
Your spell library contained the following spells:

 Spells                   Type           Power      Damage    Failure   Level
 Summon Forest            Summ/Tloc      0%         N/A       100%        5
 Eringya's Noxious Bog    Tmut/Pois      0%         N/A       100%        6
 Summon Hydra             Summ           0%         N/A       100%        7


Dungeon Overview and Level Annotations

Branches:
Dungeon (10/15)            Temple (1/1) D:7            Lair (0/6) D:9
    Orc: D:9-12

Altars:
Ashenzari
Cheibriados
Dithmenos
Elyvilon
Fedhas
Gozag
Hepliaklqana
Kikubaaqudgha
Makhleb
Nemelex Xobeh
Okawaru
Qazlal
Ru
Sif Muna
Trog
Uskayaw
Vehumet
Wu Jian
Xom
Yredelemnul
Zin
The Shining One

Shops:
D:6 (   D:9 *


Innate Abilities, Weirdness & Mutations

You are partially covered in iridescent scales. (AC +2)
You are agile. (Dex +2)
You passively map a small area around you.


Message History

Okay, then.
Aiming: Imprison (11% risk of failure)
Press: ? - help, Dir - move target, f - salamander
Aim: a salamander, wielding a +0 halberd (fast) Zin imprisons the salamander with walls of pure silver!
You can no longer call upon Zin to imprison the lawless.
Activating: Recite (0% risk of failure)
Press: ? - help, Dir - look around, f - activate You clear your throat and prepare to recite. "For those who would enter Zin's holy bosom..."
You block the troll's attack. x2; The troll claws you!
* * * LOW HITPOINT WARNING * * *
"...and live in belief, Zin provideth.
Such is..."
Aiming: Iceblast
Press: ? - help, Shift-Dir - straight line The mass of ice explodes!
The iceblast engulfs the salamander mystic!!
The salamander mystic is frozen!
The salamander mystic is moderately wounded.
The iceblast engulfs the troll!!
The troll is severely wounded. "...the covenant, and such is the way of things."
You finish reciting Apostates 22:63.
The troll misses you. The troll closely misses you. x2
Aiming: Iceblast
Press: ? - help, Shift-Dir - straight line, f - salamander mystic
Aim: a salamander mystic, wielding a +0 quarterstaff and wearing a +0 robe (moderately wounded)
The mass of ice explodes!
The iceblast engulfs the salamander mystic!!
The salamander mystic is frozen!
The salamander mystic is severely wounded.
The iceblast engulfs the troll!
You kill the troll!
Zin releases the salamander from its prison.
The salamander closely misses you.
Your Shields skill increases to level 7!
Okay, then.
The salamander mystic casts a spell at you.
The bolt of magma hits you!! You partially resist.
You die...

....^...###...##
##......N.#####
#.....)..# #........#
#........#
#........############
#####..).K..........#
#..)...ZNN......#
#..........@....#
######......[........#
........##############
........# ........#
}.......# ######### #
#


You could see a salamander mystic, a salamander (fast), a centaur warrior zombie
and a kobold.

Vanquished Creatures
  A two-headed ogre (D:10)
  A death yak (D:9)
  2 salamanders (D:10)
  An elephant (D:9)
  A komodo dragon (D:10)
  2 trolls (D:10)
  2 wyverns (D:8)
  4 yaks (D:10)
  A basilisk (D:9)
  2 steam dragons (D:6)
  Menkaure (D:5)
  3 acid dragons
  3 orc warriors
  An ice beast (D:6)
  5 black bears
  A centaur (D:3)
  A phantom (D:5)
  2 kobold brigands (D:10)
  3 bullfrogs
  A water moccasin skeleton (D:5)
  7 killer bees (D:9)
  8 wights (D:10)
  2 bullfrog zombies (D:5)
  A jelly (D:6)
  A gnoll shaman (D:7)
  5 orc priests
  2 hounds
  2 iguanas
  Natasha (thrice) (D:2)
  5 orc wizards
  A scorpion zombie (D:5)
  A howler monkey zombie (D:7)
  4 adders
  8 gnolls
  A shadow imp (D:8)
  2 white imps (D:5)
  An adder skeleton (D:4)
  A dart slug (D:1)
  36 orcs
  7 ball pythons
  5 endoplasms
  11 giant cockroaches
  9 goblins
  5 hobgoblins
  10 jackals
  6 kobolds
  A quokka (D:2)
  7 bats
  3 frilled lizards (D:2)
  6 rats
199 creatures vanquished.

Vanquished Creatures (others)
  A scorpion (D:6)
  2 orcs (D:6)
  A plant (D:9)
4 creatures vanquished.

Grand Total: 203 creatures vanquished

Notes
Turn   | Place    | Note
-------+----------+-------------------------------------------
     0 | D:1      | Revguard the Human Fighter began the quest for the Orb.
     0 | D:1      | Reached XP level 1. HP: 18/18 MP: 1/1
   156 | D:1      | Reached XP level 2. HP: 23/24 MP: 2/2
   562 | D:1      | Reached XP level 3. HP: 29/29 MP: 3/3
   972 | D:1      | Found a faded altar of an unknown god.
  1056 | D:2      | Reached skill level 1 in Dodging
  1358 | D:2      | Noticed Natasha
  1369 | D:2      | HP: 1/29 [Natasha (6)]
  1379 | D:2      | Killed Natasha
  1380 | D:2      | Reached XP level 4. HP: 10/35 MP: 4/4
  1702 | D:2      | Noticed Natasha
  1715 | D:2      | Killed Natasha
  1718 | D:2      | Reached XP level 5. HP: 17/41 MP: 5/5
  1945 | D:2      | Noticed Natasha
  1954 | D:2      | Killed Natasha
  2351 | D:2      | Gained mutation: You passively map a small area around you.
                  | [potion of mutation]
  2351 | D:2      | Gained mutation: You are partially covered in iridescent
                  | scales. (AC +2) [potion of mutation]
  2351 | D:2      | Gained mutation: You are agile. (Dex +2) [potion of
                  | mutation]
  2737 | D:3      | Noticed a centaur
  2760 | D:3      | Killed a centaur
  2761 | D:3      | Reached skill level 1 in Evocations
  2761 | D:3      | Reached XP level 6. HP: 44/48 MP: 6/6
  3589 | D:4      | Reached XP level 7. HP: 15/54 MP: 7/7
  4128 | D:5      | Entered Level 5 of the Dungeon
  4128 | D:5      | Noticed Menkaure
  4148 | D:5      | Killed Menkaure
  4323 | D:5      | Reached XP level 8. HP: 58/61 MP: 8/8
  4806 | D:5      | Identified the +3 ring mail of Entod {rCorr}
  5126 | D:6      | Reached skill level 5 in Armour
  5242 | D:6      | Reached skill level 5 in Shields
  5252 | D:6      | Found Utiqau Wuthi's Antique Weapon Shop.
  5255 | D:6      | Bought a scorched mace for 136 gold pieces
  5255 | D:6      | Identified the +6 mace of the Sixty-Six Bounties {protect,
                  | rCorr Int+2} (You bought it in a shop on level 6 of the
                  | Dungeon)
  5334 | D:6      | Reached skill level 5 in Fighting
  5334 | D:6      | Reached XP level 9. HP: 49/68 MP: 9/9
  5700 | D:7      | Reached skill level 5 in Evocations
  6117 | D:7      | Found a staircase to the Ecumenical Temple.
  6202 | Temple   | Entered the Ecumenical Temple
  6305 | Temple   | Became a worshipper of Zin the Law-Giver
  6305 | Temple   | Reached * piety under Zin
  6555 | D:8      | Reached ** piety under Zin
  6559 | D:8      | Found a shadowy altar of Dithmenos.
  6599 | D:8      | Reached skill level 5 in Maces & Flails
  6609 | D:8      | Reached skill level 1 in Invocations
  6889 | D:8      | Reached *** piety under Zin
  7203 | D:9      | Found a staircase to the Lair.
  7203 | D:9      | Noticed a death yak
  7203 | D:9      | Noticed an elephant
  7230 | D:9      | Zin protects you from harm!
  7231 | D:9      | Killed a death yak
  7232 | D:9      | Reached XP level 10. HP: 18/76 MP: 11/11
  7234 | D:9      | Reached skill level 5 in Dodging
  7718 | D:9      | Killed an elephant
  7777 | D:9      | Found Asigu's Assorted Antiques.
  8113 | D:10     | Entered Level 10 of the Dungeon
  8181 | D:10     | Noticed a komodo dragon
  8195 | D:10     | Killed a komodo dragon
  8243 | D:10     | Noticed a two-headed ogre
  8254 | D:10     | Killed a two-headed ogre
  8255 | D:10     | Reached XP level 11. HP: 83/83 MP: 14/14
  8307 | D:10     | Noticed a salamander
  8312 | D:10     | Noticed a salamander
  8314 | D:10     | Noticed a salamander
  8352 | D:10     | Killed a salamander
  8359 | D:10     | HP: 3/83 [salamander/+0 halberd (6)]
  8561 | D:10     | Reached skill level 5 in Invocations
  8716 | D:10     | Killed a salamander
  8723 | D:10     | Noticed a salamander mystic
  8724 | D:10     | HP: 2/83 [salamander/+0 halberd (7)]
  8759 | D:10     | Killed from afar by a salamander mystic

Illustrated notes

Levels and vault maps discovered:
D:1:      lightli_iron_boxes, layout_loops_ring,
          hellmonk_ecumenical_altar_leap_of_faith
D:2:      minmay_roachtagon, layout_rooms, uniq_natasha
D:3:      layout_loops_corners
D:4:      layout_loops_ring
D:5:      layout_loops_ring, kennysheep_generic_room_11, uniq_menkaure
D:6:      layout_basic, serial_shops, nicolae_shop_window_shopping,
          chequers_mini_garden
D:7:      layout_basic, minmay_temple_entry_statues_pillars
D:8:      layout_loops_ring, nicolae_dithmenos_through_a_glass_darkly
D:9:      layout_basic, david_lair_generic, serial_shops,
          nicolae_shop_overgrown_old_shop
D:10:     layout_gridville, kennysheep_diamond, st_stairs_11,
          hellmonk_guarded_unrand_salamander
Temple:   minmay_crystal_snake_temple

Skill      XL: |  1  2  3  4  5  6  7  8  9 10 11 |
---------------+----------------------------------+-----
Dodging        | 1 2 3 4 5 6 |  6.1
Maces & Flails | 3 4 5 6 |  6.7
Evocations     | 1 2 3 4 6 7 |  7.6
Shields        | 4 5 6 7 |  7.0
Armour         | 4 5 6 |  6.9
Fighting       | 4 5 6 |  6.9
Invocations    | 2 4 5 |  5.7

Action                   |  1- 3 |  4- 6 |  7- 9 | 10-12 || total
-------------------------+-------+-------+-------+-------++-------
Melee: Flail             |   105 |   163 |   193 |       ||   461
       Mace              |       |       |   105 |   182 ||   287
Invok: Vitalisation      |       |       |     1 |     4 ||     5
       Recite            |       |       |       |     8 ||     8
       Imprison          |       |       |       |     2 ||     2
Evoke: Wand              |       |       |       |    14 ||    14
  Use: Potion            |     5 |     6 |     4 |     1 ||    16
       Scroll            |     2 |     3 |     5 |     2 ||    12
 Stab: Paralysed         |       |       |       |     7 ||     7
Armor: Scale mail        |    72 |    99 |    77 |       ||   248
       Ring mail         |       |       |   114 |    89 ||   203
Dodge: Dodged            |    62 |    94 |   225 |   147 ||   528
Block: Buckler           |    26 |    65 |   107 |    81 ||   279
